Map: Tours du crépuscule

Players

pupu

  • Race: Protoss Protoss
  • League: Silver

SimonDm - Winner!

  • Race: Zerg Zerg
  • League: Silver

VOD

Have the link to the VOD?

Description

Time

  • Played on: April 2, 2016, 2:50 p.m.
  • Length: 22:47
Show
View Real Time Build Order
Export as new Build Order

pupu Protoss 

Build Orders: Mass Adepts 

Get SALT Encoding   

  12  0:01  Probe (Chrono Boost)  
  13  0:11  Probe (Chrono Boost)  
  14  0:18  Pylon  
  14  0:22  Probe (Chrono Boost)  
  15  0:37  Probe (Chrono Boost)  
  15  0:38  Gateway  
  16  0:47  Probe (Chrono Boost)  
  17  0:50  Assimilator  
  17  0:58  Probe (Chrono Boost)  
  18  1:08  Probe (Chrono Boost)  
  19  1:31  Probe (Chrono Boost)  
  20  1:49  Cybernetics Core  
  20  1:54  Assimilator  
  20  2:03  Probe (Chrono Boost)  
  21  2:10  Nexus  
  21  2:13  Probe (Chrono Boost)  
  22  2:17  Pylon  
  22  2:24  Probe (Chrono Boost)  
  22  2:29  Warp Gate (Chrono Boost)  
  23  2:33  Gateway  
  23  2:35  Zealot  
  23  2:36  Gateway  
  25  2:43  Gateway  
  25  2:49  Gateway  
  25  3:10  Probe  
  26  3:22  Mothership Core  
  26  3:26  Adept (Chrono Boost)  
  32  3:27  Adept (Chrono Boost)  
  32  3:28  Adept (Chrono Boost)  
  32  3:35  Probe  
  33  3:43  Probe  
  34  4:08  Probe  
  35  4:12  Pylon  
  35  4:14  Probe  
  36  4:20  Probe  
  35  4:26  Probe  
  32  4:33  Adept  
  32  4:34  Adept x2  
  34  4:47  Probe  
  34  4:48  Probe  
  34  4:52  Adept x4  
  43  4:59  Probe  
  44  5:00  Probe  
  45  5:12  Probe, Pylon  
  45  5:14  Pylon  
  46  5:16  Pylon  
  46  5:19  Pylon  
  46  5:26  Pylon  
  46  5:28  Gateway  
  46  5:30  Probe  
  39  5:45  Adept x4  
  47  5:59  Adept  
  47  6:03  Probe x2  
  51  6:15  Probe x2  
  53  6:23  Gateway  
  53  6:27  Probe x2  
  53  6:28  Forge  
  55  6:35  Sentry x2  
  55  6:38  Sentry  
  55  6:39  Probe x2  
  63  7:04  Adept x5  
  59  7:57  Stalker x4  
  59  7:58  Stalker  
  61  8:03  Probe x2  
  61  8:07  Nexus  
  61  8:10  Protoss Ground Weapons Level 1 (Chrono Boost)  
  61  8:15  Probe x2  
  61  8:17  Gateway  
  63  8:20  Assimilator  
  63  8:25  Sentry  
  66  8:27  Probe  
  66  8:28  Sentry x2  
  66  8:31  Probe  
  71  8:46  Probe  
  71  8:47  Probe  
  73  8:58  Probe  
  73  8:59  Probe, Pylon  
  75  9:06  Stalker x3  
  81  9:10  Sentry x2  
  83  9:33  Stalker x3  
  83  9:34  Stalker  
  83  9:38  Zealot x2  
  95  9:49  Probe  
  95  9:50  Probe x2, Pylon  
  98  9:53  Pylon  
  98  9:57  Pylon  
  98  10:01  Pylon  
  98  10:05  Assimilator  
  98  10:07  Stalker x2  
  98  10:10  Stalker  
  104  10:29  Stalker x3  
  104  10:30  Stalker x2  
  114  10:38  Protoss Ground Armor Level 1 (Chrono Boost)  
  114  10:39  Assimilator  
  114  10:41  Probe  
  115  10:42  Probe  
  115  10:43  Probe  
  117  10:52  Probe  
  117  10:54  Probe  
  117  10:55  Probe  
  120  10:59  Stalker x2  
  120  11:00  Stalker x2  
  120  11:02  Probe  
  129  11:11  Probe x2  
  131  11:13  Probe  
  132  11:24  Photon Cannon  
  132  11:26  Photon Cannon  
  132  11:31  Photon Cannon, Stalker  
  134  11:33  Sentry x3  
  134  11:34  Photon Cannon  
  134  11:36  Pylon  
  64  12:09  Stalker x5  
  64  12:10  Stalker x3  
  72  12:19  Probe  
  72  12:20  Probe  
  72  12:21  Probe  
  75  12:30  Probe  
  75  12:32  Stalker  
  75  12:33  Probe x2, Stalker, Robotics Facility  
  75  12:34  Robotics Facility  
  75  12:35  Pylon  
  82  12:37  Pylon  
  82  12:41  Stalker  
  82  12:42  Stalker  
  82  12:43  Stalker  
  88  12:48  Assimilator  
  88  12:54  Stalker x3  
  88  12:57  Sentry  
  96  13:03  Stalker x2  
  100  13:11  Probe  
  100  13:13  Probe x2  
  101  13:22  Stalker x2  
  101  13:23  Stalker x3  
  111  13:41  Stalker x2  
  111  13:42  Stalker  
  111  13:44  Stalker  
  111  13:45  Stalker  
  111  13:46  Stalker  
  123  13:54  Protoss Shields Level 1 (Chrono Boost)  
  123  13:57  Immortal  
  127  14:23  Stalker  
  129  14:25  Nexus  
  129  14:30  Sentry x4  
  137  14:33  Pylon  
  137  14:34  Pylon x2  
  137  14:41  Twilight Council  
  137  14:53  Probe  
  137  14:54  Probe x2  
  137  14:57  Immortal x2  
  148  15:01  Stalker x2  
  148  15:03  Stalker  
  154  15:07  Stalker  
  156  15:16  Protoss Ground Armor Level 2 (Chrono Boost)  
  156  15:21  Blink (Chrono Boost)  
  156  15:34  Assimilator  
  156  15:39  Probe, Assimilator  
  156  15:40  Probe x2  
  159  15:43  Stalker x2  
  159  15:44  Stalker x2  
  159  15:47  Stalker  
  169  15:56  Observer  
  170  15:59  Zealot x3  
  176  16:35  Immortal x2  
  176  16:39  Zealot x2  
  188  16:40  Zealot x6  
  200  17:23  Charge (Chrono Boost)  
  79  17:52  Stargate  
  79  17:54  Stargate  
  79  17:58  Protoss Ground Weapons Level 2  
  79  17:59  Probe x2  
  79  18:01  Stalker x3  
  79  18:02  Stalker x5  
  97  18:18  Immortal x2  
  105  18:35  Void Ray  
  109  18:41  Void Ray  
  113  18:50  Dark Shrine  
  113  18:52  Pylon  
  113  18:54  Pylon  
  113  18:57  Observer  
  113  18:58  Observer  
  113  18:59  Pylon  
  113  19:02  Zealot x7  
  127  19:03  Zealot  
  131  19:12  Gateway  
  131  19:13  Gateway  
  131  19:17  Gateway  
  131  19:19  Gateway  
  131  19:21  Gateway  
  131  19:24  Pylon  
  131  19:25  Gateway  
  131  19:27  Gateway  
  131  19:28  Pylon  
  131  19:30  Pylon  
  131  19:33  Pylon  
  131  19:35  Pylon  
  131  19:46  Zealot x3  
  131  19:47  Zealot  
  131  19:48  Zealot x4  
  147  19:53  Void Ray x2  
  155  20:06  Protoss Air Weapons Level 1 (Chrono Boost), Protoss Shields Level 2  
  155  20:14  Observer, Immortal  
  160  20:36  Void Ray x2  
  168  20:46  Photon Cannon  
  168  20:54  Pylon  
  168  20:56  Pylon  
  168  20:58  Probe  
  168  20:59  Probe, Pylon  
  170  21:07  Zealot x4  
  178  21:19  Void Ray x2  
  186  21:29  Nexus  
  186  22:02  Void Ray  
Show
View Real Time Build Order
Export as new Build Order

SimonDm Zerg - Winner!

Build Orders: Hatch First 

Get SALT Encoding   

  12  0:02  Drone  
  13  0:08  Drone  
  14  0:14  Extractor  
  14  0:16  Drone  
  15  0:23  Overlord  
  15  0:43  Drone x2  
  15  0:47  Drone  
  18  1:01  Hatchery  
  17  1:11  Drone x2  
  19  1:27  Spawning Pool  
  18  1:40  Hatchery  
  18  1:45  Drone x2  
  19  1:49  Drone  
  20  1:54  Extractor  
  19  2:04  Drone  
  20  2:18  Queen  
  20  2:21  Queen  
  24  2:23  Zergling x6  
  27  2:42  Zergling x2  
  28  2:44  Overlord  
  28  3:25  Zergling x2  
  28  3:26  Zergling x10  
  34  3:47  Spine Crawler  
  34  3:48  Metabolic Boost  
  33  3:49  Roach Warren  
  33  3:55  Drone x4  
  36  4:00  Spine Crawler  
  32  4:15  Spine Crawler  
  31  4:20  Spine Crawler  
  26  4:35  Zergling x10  
  26  4:36  Zergling x8  
  33  4:58  Roach Warren  
  32  5:01  Extractor  
  32  5:05  Extractor  
  32  5:07  Drone x5  
  32  5:08  Extractor  
  32  5:09  Overlord x3  
  27  6:03  Lair  
  27  6:04  Spine Crawler  
  27  6:06  Burrow  
  26  6:20  Drone x14  
  40  6:40  Spine Crawler x2  
  40  6:42  Spore Crawler  
  40  6:45  Evolution Chamber x2  
  35  6:53  Spore Crawler  
  34  6:58  Spore Crawler  
  34  6:59  Drone x7  
  40  7:03  Glial Reconstitution  
  40  7:11  Spore Crawler  
  39  7:18  Spore Crawler  
  39  7:19  Roach  
  39  7:20  Roach x4  
  46  7:39  Roach  
  46  7:40  Roach x3  
  54  7:59  Drone x14  
  54  8:04  Drone x16  
  55  8:20  Drone  
  55  8:24  Drone x2  
  57  8:27  Zerg Melee Weapons Level 1  
  57  8:31  Zerg Missile Weapons Level 1  
  57  8:35  Ravager  
  57  8:36  Ravager x2  
  57  8:41  Overlord x2  
  60  8:50  Spine Crawler  
  60  8:52  Spore Crawler  
  58  9:02  Spine Crawler  
  57  9:10  Spore Crawler  
  56  9:48  Hatchery, Roach  
  56  9:49  Roach x9  
  75  9:54  Overlord x2  
  75  9:59  Hydralisk Den  
  74  10:04  Overseer  
  74  10:07  Overseer  
  74  10:15  Overseer  
  74  10:18  Ravager x2  
  74  10:19  Ravager x2  
  78  10:34  Zerg Ground Armor Level 1  
  78  10:50  Muscular Augments  
  78  11:03  Zerg Missile Weapons Level 2  
  78  11:15  Overseer  
  78  11:18  Hydralisk x2  
  78  11:19  Hydralisk x2  
  78  11:22  Spore Crawler  
  78  11:23  Spore Crawler  
  84  11:32  Zergling x10  
  56  12:18  Hydralisk x3  
  56  12:19  Hydralisk x4  
  70  12:41  Ravager x3  
  70  12:42  Ravager  
  74  12:49  Zerg Ground Armor Level 2  
  74  12:53  Queen  
  74  12:55  Drone  
  74  12:56  Drone x2  
  79  13:04  Queen  
  79  13:37  Lurker Den  
  79  13:39  Pneumatized Carapace  
  79  13:45  Drone  
  79  13:46  Drone x8  
  79  13:47  Drone  
  89  13:53  Spore Crawler  
  88  14:07  Extractor  
  87  14:18  Extractor  
  87  14:21  Drone  
  87  14:22  Drone x3  
  87  14:24  Overlord x2  
  90  14:31  Spine Crawler  
  90  14:34  Spine Crawler  
  88  14:42  Infestation Pit  
  87  14:49  Drone x3  
  87  14:50  Drone  
  87  14:51  Drone x2  
  93  15:01  Hydralisk x5  
  103  15:13  Zerg Melee Weapons Level 2  
  103  15:24  Roach  
  105  15:28  Overlord x3  
  105  15:29  Overlord  
  105  15:31  Lurker  
  106  15:45  Spore Crawler  
  105  15:54  Hatchery  
  104  16:07  Drone  
  104  16:11  Spire  
  104  16:17  Lurker x4  
  108  16:19  Hydralisk x4  
  116  17:03  Lurker x2, Spore Crawler x2  
  116  17:04  Lurker x2  
  116  17:06  Spore Crawler  
  117  17:09  Drone x7  
  117  17:10  Drone x4  
  128  17:22  Spore Crawler  
  92  17:52  Roach x11  
  92  17:53  Roach  
  116  18:14  Extractor  
  116  18:18  Spore Crawler  
  116  18:19  Spine Crawler  
  113  18:24  Spine Crawler  
  113  18:26  Spore Crawler  
  111  18:45  Hive  
  111  18:47  Zerg Flyer Weapons Level 1  
  111  18:51  Queen  
  111  18:53  Drone  
  111  18:54  Drone x8  
  122  19:01  Ravager  
  122  19:02  Ravager x5  
  128  19:10  Overseer  
  128  19:20  Ravager x3  
  128  19:21  Ravager x5  
  128  19:22  Hydralisk  
  128  19:23  Hydralisk x2  
  142  19:37  Infestor  
  143  19:48  Overlord x2  
  143  19:49  Overlord x4  
  143  20:06  Queen  
  145  20:12  Extractor  
  145  20:13  Spore Crawler  
  145  20:14  Drone x3  
  146  20:20  Overseer x4  
  146  20:21  Overseer x2  
  146  20:25  Hydralisk  
  146  20:26  Hydralisk x4  
  156  20:41  Zerg Flyer Armor Level 1  
  156  20:54  Infestor x2  
  160  21:00  Spore Crawler  
  160  21:02  Spore Crawler  
  160  21:03  Spine Crawler  
  160  21:04  Spine Crawler  
  156  21:05  Spore Crawler  
  155  21:25  Overlord  
  155  21:26  Overlord x2  
  155  21:53  Hydralisk x10  
  155  21:54  Hydralisk  
Tags
 
Add a new tag
Caveats
  • Supply blocks, unpowered buildings, or Contaminate may cause inaccurate times.
  • Supply counts are checked every 10 seconds.